 Dungeon Crawl Stone Soup version 0.25-a0-733-gf7d8cd8a05 (webtiles) character file.

Game seed: 12261259053572007220, levelgen mode: deterministic

47611 kae the Brawler (level 14, -2/114 HPs)
             Began as a Red Draconian Transmuter on Apr 9, 2020.
             Was the Champion of Wu Jian.
             Killed from afar by Nergalle (28 damage)
             ... with a bolt of negative energy
             ... on level 3 of the Lair of Beasts.
             The game lasted 00:28:14 (28215 turns).

kae the Brawler (Red Draconian Transmuter)         Turns: 28215, Time: 00:28:15

Health: -2/114     AC: 11    Str: 17    XL:     14   Next: 9%
Magic:  29/29      EV: 12    Int: 13    God:    Wu Jian [******]
Gold:   2709       SH:  0    Dex: 13    Spells: 20/35 levels left

rFire    + . .     SeeInvis .     - Unarmed
rCold    . . .     Gourm    .   (shield currently unavailable)
rNeg     . . .     Faith    .   (armour unavailable)
rPois    .         Spirit   .   (helmet restricted)
rElec    .         Reflect  .   (no cloak)
rCorr    .         Harm     .   (gloves currently unavailable)
MR       +++..                  i - +2 pair of boots
Stlth    +.........             w - amulet of magic regeneration
HPRegen  0.29/turn              L - ring of protection from magic
MPRegen  0.46/turn              F - ring of protection from magic

@: about to teleport, blade hands, drained
A: breathe fire, unfitting armour, fire resistance 1, cold-blooded, AC +8
a: Breathe Fire, End Transformation, Wall Jump, Serpent's Lash, Heavenly Storm,
Renounce Religion


You were on level 3 of the Lair of Beasts.
You worshipped Wu Jian.
Wu Jian was exalted by your worship.
You were hungry.
You had blades for hands.
You visited 3 branches of the dungeon, and saw 18 of its levels.

You collected 2709 gold pieces.

Inventory:

Hand Weapons
 r - a +2 whip of freezing
Missiles
 a - 313 arrows
Armour
 i - a +2 pair of boots (worn)
Jewellery
 s - an uncursed ring of flight
 w - an amulet of magic regeneration (around neck)
 z - a +3 ring of strength
 A - an uncursed ring of positive energy
 D - a +2 ring of evasion
 F - a ring of protection from magic (right scythe-like blade)
 I - an uncursed ring of magical power {unknown}
 L - a ring of protection from magic (left scythe-like blade)
 P - an uncursed amulet of the acrobat
Wands
 f - a wand of random effects (32)
 h - a wand of iceblast (18)
 u - a wand of disintegration (13)
 C - a wand of enslavement (9)
 G - a wand of acid (12)
 H - a wand of paralysis (9)
 K - a wand of flame (19)
 N - a wand of clouds (5)
Scrolls
 b - 2 scrolls of blinking
 j - 2 scrolls of immolation
 l - 5 scrolls of teleportation
 n - 2 scrolls of amnesia
 y - 3 scrolls of remove curse
 E - 2 scrolls of fog
 R - a scroll of enchant weapon
Potions
 d - 2 potions of brilliance
 e - 2 potions of magic
 g - 5 potions of curing
 k - 2 potions of cancellation
 m - 3 potions of lignification
 o - a potion of might
 p - 3 potions of resistance
 t - 3 potions of invisibility
 v - 2 potions of stabbing
 x - a potion of haste
 B - 3 potions of mutation
 J - a potion of berserk rage
 M - a potion of flight
Comestibles
 c - 19 rations
 q - 4 chunks of flesh


   Skills:
 + Level 7.7(7.0) Fighting
 - Level 1.7(1.2) Dodging
 * Level 16.2(15.4) Unarmed Combat
 + Level 11.2(10.5) Spellcasting
 + Level 12.0(11.3) Transmutations


You had 20 spell levels left.
You knew the following spells:

 Your Spells              Type           Power        Failure   Level  Hunger
a - Beastly Appendage     Tmut           #####.       7%          1    None
b - Sticks to Snakes      Tmut           #####...     8%          2    None
c - Spider Form           Tmut/Pois      ###.......   26%         3    #......
d - Ice Form              Ice/Tmut       ###.....     47%         4    ###....
e - Blade Hands           Tmut           #####.....   24%         5    #####..

Your spell library contained the following spells:

 Spells                   Type           Power        Failure   Level  Hunger
 Ignite Poison            Fire/Tmut/Pois ###.....     38%         3    #......
 Animate Skeleton         Necr           N/A          47%         1    None
 Pain                     Necr           #...         47%         1    None
 Summon Small Mammal      Summ           #...         47%         1    None
 Call Imp                 Summ           #.......     56%         2    None
 Call Canine Familiar     Summ           #.......     75%         3    #......
 Summon Guardian Golem    Hex/Summ       #.......     75%         3    #......
 Vampiric Draining        Necr           #.........   75%         3    #......
 Animate Dead             Necr           N/A          96%         4    ###....
 Summon Ice Beast         Ice/Summ       #.......     96%         4    ###....
 Summon Lightning Spire   Summ/Air       #.......     96%         4    ###....
 Agony                    Necr           #.......     100%        5    #####..
 Fireball                 Conj/Fire      #.........   100%        5    #####..
 Starburst                Conj/Fire      #.........   100%        6    ######.
 Ring of Flames           Chrm/Fire      #.........   100%        7    #######
 Ignition                 Fire           #.........   100%        8    #######


Dungeon Overview and Level Annotations

Branches:
Dungeon (14/15)            Temple (1/1) D:4            Lair (3/6) D:11
  Swamp (0/4) Lair:2        Snake (0/4) Lair:2          Orc (0/2) D:10
 Vaults (0/5) D:13

Altars:
Ashenzari
Cheibriados
Dithmenos
Elyvilon
Fedhas
Gozag
Hepliaklqana
Kikubaaqudgha
Makhleb
Nemelex Xobeh
Okawaru
Qazlal
Ru
Sif Muna
Trog
Uskayaw
Vehumet
Wu Jian
Xom
Yredelemnul
Zin
The Shining One

Portals:
Trove: D:10 (show abyssal rune of Zot)

Annotations:
D:3 1 runed translucent door, MisterFreud's ghost, weakling FeBe
D:13 3 runed translucent doors
Lair:1 exclusion: 2 hydras
Lair:2 3 runed translucent doors, Laukh's ghost, journeyman DsGl
Lair:3 Nergalle; Urug


Innate Abilities, Weirdness & Mutations

You can breathe blasts of fire.
Your fiery red scales are hard. (AC +8)
You cannot fit into any form of body armour.
Your flesh is heat resistant. (rF+)
You are cold-blooded and may be slowed by cold attacks.


Message History

The blink frog closely misses you.
You barely miss Nergalle. The crocodile bites you! The blink frog hits you.
The spectral orc knight barely misses you.
The spectral orc warrior hits you with a +0 war axe.
You hit Nergalle but do no damage. The blink frog hits you!
You slice Nergalle!! You slash Nergalle, but do no damage.
Nergalle is heavily wounded.
The blink frog blinks!
The crocodile bites you!
* * * LOW HITPOINT WARNING * * *
Nergalle yells, "What are YOU looking at?"
Nergalle hits you but does no damage.
The spectral orc knight closely misses you.
The spectral orc warrior hits you with a +0 war axe.
* * * LOW HITPOINT WARNING * * *
The blink frog misses you.
As you read the scroll of teleportation, it crumbles to dust.
You feel strangely unstable. The crocodile misses you.
Nergalle points at you and mumbles some strange words.
The bolt of negative energy hits you!!
You feel drained.
You die...

.....# .. ..8.# F
....#.# .. ...#. ...
.... #?.## ##oF# ...
##Zto## .......P#
..##.F@..#
#.......####.#8.>Z8#
..P...P..##P.....$.#
.PP..P#..###.#..8.##
)#....#..# #..(####
.P....#..###....# ..
....P##.>.###...##...
....###.#...........#
.....#...##......P...


You could see Urug, Nergalle, a spectral orc warrior, a spectral orc knight, 3
blink frogs and a crocodile.

Vanquished Creatures
  Gastronok (D:9)
  Azrael (D:13)
  Snorg (D:13)
  Erolcha (D:13)
  Harold (D:8)
  3 hydras
  Erica (D:9)
  A centaur warrior (D:13)
  8 two-headed ogres
  Sonja (Lair:2)
  A skeletal warrior (D:13)
  An unseen horror (D:10)
  A wolf spider zombie (D:14)
  3 deep elf magi
  A cyclops (D:12)
  3 ugly things
  A black mamba (Lair:2)
  2 gargoyles
  Maggie (D:10)
  A rime drake (Lair:2)
  2 spiny frogs
  A kobold demonologist (D:13)
  5 yaktaurs (D:13)
  3 komodo dragons (Lair:1)
  A troll (D:11)
  9 blink frogs
  3 bog bodies (Lair:2)
  3 hippogriffs
  A vampire (D:12)
  35 yaks
  3 wraiths (D:12)
  4 wyverns
  2 fire elementals (D:14)
  4 hungry ghosts
  4 nagas (Lair:2)
  2 soldier ants
  A swamp worm (Lair:2)
  2 water moccasins
  2 hell hounds
  Duvessa (D:7)
  9 porcupines
  12 orc warriors
  2 ice beasts
  4 sky beasts
  A hornet zombie (D:7)
  5 phantoms
  3 black bears
  An eye of draining (D:13)
  12 ogres
  5 centaurs
  22 wolves
  A crocodile (shapeshifter) (D:13)
  5 crocodiles
  7 big kobolds
  11 bullfrogs
  3 gnoll sergeants
  A water moccasin zombie (D:7)
  A wyvern skeleton (D:13)
  Dowan (D:7)
  5 scorpions
  3 troll zombies (D:10)
  9 killer bees (D:9)
  A howler monkey (D:6)
  6 wights
  3 electric eels (Lair:2)
  2 crimson imps
  A centaur zombie (D:6)
  3 jellies
  2 bullfrog zombies
  9 centaur skeletons
  7 orc priests
  4 bullfrog skeletons
  7 hounds
  Natasha (thrice) (D:3)
  2 iguanas
  11 orc wizards
  14 worker ants
  4 hell rats (Lair:1)
  3 ogre zombies (D:10)
  2 worker ant zombies
  15 gnolls
  15 adders
  2 howler monkey skeletons
  19 river rats (Lair:1)
  2 shadow imps
  An ooze (D:4)
  An adder skeleton (D:5)
  10 worms
  4 dart slugs
  9 leopard geckos
  75 orcs
  2 ball pythons
  5 giant cockroaches
  11 goblins
  10 hobgoblins
  7 jackals
  31 kobolds
  10 quokkas
  12 bats
  5 frilled lizards
  A goblin skeleton (D:10)
  A goblin zombie (D:10)
  2 hobgoblin zombies (D:10)
  A jackal skeleton (D:7)
  A leopard gecko skeleton (D:4)
  3 orc skeletons (D:10)
  11 orc zombies (D:10)
  17 rats
  A fungus (Lair:2)
613 creatures vanquished.

Vanquished Creatures (others)
  A water moccasin zombie (D:9)
  2 fungi
3 creatures vanquished.

Grand Total: 616 creatures vanquished

Notes
Turn   | Place    | Note
-------+----------+-------------------------------------------
     0 | D:1      | kae the Draconian Transmuter began the quest for the Orb.
     0 | D:1      | Reached XP level 1. HP: 16/16 MP: 3/3
    93 | D:1      | Reached XP level 2. HP: 18/23 MP: 3/5
   440 | D:1      | You fall into a shaft and drop 1 floor!
   452 | D:2      | Reached XP level 3. HP: 23/28 MP: 4/6
  1049 | D:2      | Learned a level 2 spell: Sticks to Snakes
  1053 | D:2      | Learned a level 3 spell: Spider Form
  1124 | D:2      | Reached skill level 4 in Unarmed Combat
  1152 | D:2      | Found a faded altar of an unknown god.
  1463 | D:2      | Reached XP level 4. HP: 33/35 MP: 7/7
  1932 | D:3      | Reached XP level 5. HP: 21/40 MP: 6/9
  2262 | D:3      | Found an ancient bone altar of Kikubaaqudgha.
  2269 | D:3      | Found a glowing golden altar of the Shining One.
  2272 | D:3      | Found a glowing silver altar of Zin.
  2293 | D:3      | Noticed Natasha
  2303 | D:3      | Killed Natasha
  2466 | D:3      | Noticed Natasha
  2473 | D:3      | Killed Natasha
  2473 | D:3      | Reached skill level 5 in Unarmed Combat
  2890 | D:3      | Noticed Natasha
  2899 | D:3      | Killed Natasha
  3057 | D:3      | Reached XP level 6. HP: 47/47 MP: 10/10
  3088 | D:3      | Found a runed translucent door.
  3091 | D:3      | Noticed MisterFreud's ghost (weakling FeBe)
  3307 | D:4      | Found a staircase to the Ecumenical Temple.
  3327 | Temple   | Entered the Ecumenical Temple
  3508 | Temple   | Became a worshipper of the Wu Jian Council
  3921 | D:4      | Found a hazy altar of Hepliaklqana.
  3977 | D:4      | Found an iron altar of Okawaru.
  4295 | D:4      | Reached skill level 6 in Unarmed Combat
  4295 | D:4      | Your scales start taking on a fiery red colour.
  4295 | D:4      | Reached XP level 7. HP: 35/52 MP: 12/12
  4295 | D:4      | Gained mutation: Your flesh is heat resistant. (rF+) [Red
                  | Draconian growth]
  4691 | D:5      | Entered Level 5 of the Dungeon
  5375 | D:5      | Reached skill level 7 in Unarmed Combat
  5824 | D:6      | Reached * piety under Wu Jian
  5824 | D:6      | Reached skill level 5 in Transmutations
  5824 | D:6      | Reached XP level 8. HP: 43/59 MP: 14/14
  6468 | D:6      | Found a burning altar of Makhleb.
  6530 | D:6      | Reached skill level 5 in Spellcasting
  6706 | D:6      | Reached skill level 8 in Unarmed Combat
  7369 | D:6      | Found a shimmering altar of Xom.
  7435 | D:6      | Learned a level 4 spell: Ice Form
  7441 | D:6      | Learned a level 5 spell: Blade Hands
  7485 | D:7      | Noticed Dowan
  7486 | D:7      | Noticed Duvessa
  8285 | D:7      | Reached XP level 9. HP: 64/64 MP: 17/17
  8320 | D:6      | Reached skill level 9 in Unarmed Combat
  8799 | D:7      | Killed Dowan
  9338 | D:7      | Killed Duvessa
  9586 | D:7      | Reached ** piety under Wu Jian
  9636 | D:7      | Noticed a deep elf mage
  9643 | D:7      | Killed a deep elf mage
  9802 | D:8      | Reached skill level 10 in Unarmed Combat
  9895 | D:7      | HP: 3/64 [poisoned by a gnoll sergeant]
  9903 | D:7      | HP: 3/64 [poisoned by a gnoll sergeant]
 11090 | D:8      | Reached *** piety under Wu Jian
 11327 | D:8      | Noticed Harold
 11338 | D:8      | Killed Harold
 11338 | D:8      | Reached XP level 10. HP: 39/71 MP: 20/20
 11569 | D:8      | Reached skill level 11 in Unarmed Combat
 12646 | D:9      | Noticed a two-headed ogre
 13293 | D:9      | You fall into a shaft and drop 3 floors!
 13542 | D:12     | Reached **** piety under Wu Jian
 14265 | D:12     | Noticed a two-headed ogre
 14279 | D:12     | Identified the +1 rapier of the Turnip {antimagic, *Corrode
                  | rF+ Dex+3}
 14279 | D:12     | Noticed a deep elf mage
 14298 | D:12     | Killed a deep elf mage
 14460 | D:12     | Noticed a two-headed ogre
 14486 | D:12     | Killed a two-headed ogre
 14486 | D:12     | Reached skill level 12 in Unarmed Combat
 14805 | D:12     | Reached XP level 11. HP: 76/77 MP: 23/23
 15869 | D:11     | You fall into a shaft and drop 3 floors!
 15887 | D:14     | Noticed a wizard
 15896 | D:13     | Noticed Azrael
 15958 | D:12     | Noticed a white ugly thing
 15964 | D:12     | Killed a white ugly thing
 15978 | D:12     | Noticed a white ugly thing
 15990 | D:12     | Killed a white ugly thing
 16195 | D:12     | Killed a two-headed ogre
 16195 | D:12     | Reached skill level 13 in Unarmed Combat
 16317 | D:12     | Found the +5 scythe "Finisher" {speed, eviscerate}
 17169 | D:11     | Found a staircase to the Lair.
 17529 | D:10     | Entered Level 10 of the Dungeon
 17529 | D:10     | Noticed a two-headed ogre
 17535 | D:10     | Killed a two-headed ogre
 17587 | D:10     | Reached skill level 10 in Transmutations
 17603 | D:10     | Reached ***** piety under Wu Jian
 17613 | D:10     | Found a staircase to the Orcish Mines.
 17821 | D:10     | Noticed a two-headed ogre
 17833 | D:10     | Killed a two-headed ogre
 18040 | D:10     | Reached XP level 12. HP: 83/83 MP: 19/25
 18045 | D:10     | Noticed Maggie
 18055 | D:10     | Killed Maggie
 18759 | D:10     | Reached skill level 14 in Unarmed Combat
 18768 | D:10     | Noticed a two-headed ogre
 18775 | D:10     | Killed a two-headed ogre
 19020 | D:10     | Found a portal to a secret trove of treasure.
 19689 | D:9      | Killed a two-headed ogre
 20091 | D:9      | Noticed Erica
 20096 | D:9      | Killed Erica
 20256 | D:9      | Found a radiant altar of Vehumet.
 20537 | D:9      | Noticed Gastronok
 20545 | D:9      | Killed Gastronok
 20545 | D:9      | Reached skill level 10 in Spellcasting
 20804 | D:13     | Noticed a two-headed ogre
 20814 | D:13     | Killed a two-headed ogre
 20905 | D:13     | You fall into a shaft and drop 1 floor!
 20914 | D:14     | Reached skill level 5 in Fighting
 21407 | D:13     | Noticed Erolcha
 21414 | D:13     | Killed Azrael
 21414 | D:13     | Reached skill level 15 in Unarmed Combat
 21414 | D:13     | Reached XP level 13. HP: 73/100 MP: 23/27
 21432 | D:13     | Killed Erolcha
 22053 | D:13     | Noticed Snorg
 22059 | D:13     | Killed Snorg
 22486 | D:13     | Reached ****** piety under Wu Jian
 22503 | D:13     | HP: 5/102 [yaktaur (11)]
 22918 | D:13     | Found a gate to the Vaults.
 23591 | D:13     | Found a runed translucent gate.
 23591 | D:13     | Found a runed translucent gate.
 23591 | D:13     | Found a runed translucent gate.
 23593 | D:13     | Noticed a green very ugly thing
 24195 | Lair:1   | Entered Level 1 of the Lair of Beasts
 25269 | Lair:1   | HP: 4/104 [12-headed hydra (9)]
 25641 | D:11     | Identified a scroll of acquirement
 25641 | D:11     | Identified the ring "Iwkosud" {*Corrode rC+ rN+++ MP+9
                  | Int+2} (You acquired it on level 11 of the Dungeon)
 25641 | D:11     | Identified the +2 broad axe "Haynn" {protect, rPois Str+4}
                  | (You acquired it on level 11 of the Dungeon)
 26026 | Lair:1   | Reached skill level 16 in Unarmed Combat
 26997 | Lair:2   | Found a staircase to the Snake Pit.
 27008 | Lair:2   | Reached XP level 14. HP: 89/113 MP: 24/29
 27042 | Lair:2   | Found a runed translucent gate.
 27042 | Lair:2   | Found a runed translucent gate.
 27042 | Lair:2   | Found a runed translucent gate.
 27699 | Lair:2   | Noticed Laukh's ghost (journeyman DsGl)
 27814 | Lair:2   | Noticed Sonja
 27825 | Lair:2   | Killed Sonja
 27870 | Lair:2   | Found a staircase to the Swamp.
 28198 | Lair:3   | Noticed Urug
 28201 | Lair:3   | Noticed Nergalle
 28215 | Lair:3   | Killed from afar by Nergalle

Levels and vault maps discovered:
D:1:      ncdulo_wetmaze, layout_loops_ring, minmay_misc_feat_hallway,
          minivault_14
D:2:      layout_loops_ring, chequers_ecumenical_altar_simple,
          hangedman_feature_mirror, chequers_mini_garden,
          chequers_decorated_corner, feat_on_display
D:3:      layout_loops_ring, grunt_temple_overflow_open,
          ebering_ghost_reflecting_pool, uniq_natasha
D:4:      cheibrodos_quashed, layout_loops_ring, lemuel_round_altar,
          temple_hall, okawaru_trees_2
D:5:      layout_gridville, first_ration
D:6:      layout_basic, lemuel_crystal_altar, tgw_xom
D:7:      layout_rooms, guppyfry_early_elven_hall, uniq_duvessa
D:8:      layout_basic, special_room [special_room_orc], uniq_harold
D:9:      layout_rooms, fiery_altar_vehumet, blue_anna_alchemist
          [blue_anna_fruit_fields, blue_anna_fruit_fields], uniq_gastronok,
          uniq_erica
D:10:     layout_cross, zombieorc1_lemuel, enter_trove_1, uniq_maggie
D:11:     layout_irregular_city, grunt_lair_entry_orc_guard_hut
D:12:     layout_long_grid, hex_medium, minmay_guarded_unrand_finisher
D:13:     layout_loops_ring, hangedman_vaults_entry_quadrant_bands,
          ploomutoo_gammafunk_ghost_potion_laboratory, minmay_door_square,
          minmay_misc_feat_chi, uniq_azrael, uniq_erolcha, uniq_snorg
D:14:     layout_layer_cave, glass_columns_b, grunt_ministairs_8,
          makhleb_altar_promises_db
Temple:   compressed_dpeg_circular_temple
Lair:1:   lemuel_ratsnest, layout_regular_city
Lair:2:   beast_lair_carwin_large_4, layout_gridlike,
          nicolae_swamp_entry_splash_gauntlet,
          minmay_snake_entry_guardpost_small, maelrawn_ghost_gauntlet_escape,
          serial_bayou_shore_b, uniq_sonja
Lair:3:   layout_misc_corridors, ebering_ghost_funeral_grove,
          grunt_megastairs_1, uniq_urug, uniq_nergalle

Skill      XL: |  1  2  3  4  5  6  7  8  9 10 11 12 13 |
---------------+----------------------------------------+-----
Unarmed Combat | 4 5 6 7 8 10 12 13 15 16 | 16.2
Transmutations | 3 4 5 6 7 8 10 11 12 | 12.0
Spellcasting   | 3 4 5 7 8 9 10 11 | 11.2
Fighting       | 5 7 |  7.7
Dodging        | |  1.7

Action                   |  1- 3 |  4- 6 |  7- 9 | 10-12 | 13-15 || total
-------------------------+-------+-------+-------+-------+-------++-------
Melee: Unarmed           |   152 |    64 |       |   424 |   418 ||  1058
       Kick              |     8 |       |       |       |       ||     8
       Tailslap          |     8 |    23 |    59 |    83 |    42 ||   215
       Headbutt          |     7 |    20 |    20 |       |       ||    47
       Whip              |       |   119 |   379 |   223 |       ||   721
       Punch             |       |     2 |    28 |    34 |    20 ||    84
 Cast: Beastly Appendage |    26 |    25 |    15 |     1 |       ||    67
       Spider Form       |       |     5 |       |     2 |       ||     7
       Blade Hands       |       |       |       |    39 |    33 ||    72
Invok: Lunge             |       |     4 |    28 |    54 |    35 ||   121
       Whirlwind         |       |       |     9 |    29 |    11 ||    49
       Serpent's Lash    |       |       |       |       |     1 ||     1
 Abil: Breathe Fire      |       |       |    32 |    24 |     5 ||    61
       End Transformatio |       |       |       |       |     1 ||     1
Evoke: Wand              |       |       |       |       |     3 ||     3
  Use: Scroll            |     4 |     7 |     6 |    13 |     9 ||    39
       Potion            |       |       |     2 |       |     2 ||     4
 Stab: Distracted        |     1 |       |       |     1 |     1 ||     3
       Sleeping          |       |       |       |     4 |     1 ||     5
  Eat: Chunk             |     2 |    10 |    17 |    36 |    22 ||    87
       Ration            |       |       |     3 |     4 |     3 ||    10
Armor: Skin              |    47 |    49 |   146 |   155 |   106 ||   503
Dodge: Dodged            |    99 |   102 |   297 |   340 |   191 ||  1029

Table legend:
 A = Non-vault XP
 B = Vault XP
 C = Vault XP percentage of total XP
 D = Non-vault monster count
 E = Vault monster count
 F = Vault count percentage of total count
                 A         B        C        D         E       F
            +---------+---------+-------+---------+---------+-------
      Total |   44445 |   23572 |  34.7 |     453 |     159 |  26.0
            +---------+---------+-------+---------+---------+-------
        D:1 |      57 |       0 |   0.0 |      33 |       0 |   0.0
        D:2 |      47 |       0 |   0.0 |      17 |       0 |   0.0
        D:3 |     249 |      36 |  12.6 |      37 |       1 |   2.6
        D:4 |     631 |       0 |   0.0 |      23 |       0 |   0.0
        D:5 |     357 |       0 |   0.0 |      11 |       0 |   0.0
        D:6 |    1495 |       0 |   0.0 |      48 |       0 |   0.0
        D:7 |     297 |     807 |  73.1 |       8 |       3 |  27.3
        D:8 |    1220 |    1941 |  61.4 |      48 |      26 |  35.1
        D:9 |    3616 |    3344 |  48.0 |      43 |       3 |   6.5
       D:10 |    7884 |    1164 |  12.9 |      48 |      28 |  36.8
       D:11 |    2494 |     580 |  18.9 |      24 |       4 |  14.3
       D:12 |    7641 |     633 |   7.7 |      34 |       3 |   8.1
       D:13 |    6909 |    9364 |  57.5 |      30 |      23 |  43.4
       D:14 |    1220 |     553 |  31.2 |       3 |       3 |  50.0
     Lair:1 |    6659 |    1005 |  13.1 |      24 |      39 |  61.9
     Lair:2 |    2874 |    3895 |  57.5 |      15 |      25 |  62.5
     Lair:3 |     795 |     250 |  23.9 |       7 |       1 |  12.5
            +---------+---------+-------+---------+---------+-------
